[Event "Team 45 45 League T63"]
[Site "Internet Chess Club"]
[Date "2014.12.06"]
[Round "2"]
[White "RobertStephen"]
[Black "juniorVishy"]
[Result "0-1"]
[WhiteElo "1977"]
[BlackElo "1919"]
[Opening "Sicilian: Hungarian variation"]
[ECO "B27"]
[Time "17:01:51"]
[TimeControl "2700+45"]

1. e4 c5 2. Nf3 g6 3. Bc4 Bg7 4. Nc3 Nc6 5. O-O d6 6. Bb5 Bd7 7. d3 a6 8. Bxc6
Bxc6 9. Re1 b5 10. Qe2 e6 11. Rb1 Ne7 12. Bd2 O-O 13. b4 cxb4 14. Rxb4 a5 15.
Rbb1 b4 16. Nd1 Ba4 17. c4 d5 18. exd5 Bd7 19. Bg5 h6 20. Bxe7 Qxe7 21. d4 Qd6
22. dxe6 Bxe6 23. Ne3 Rfd8 24. Red1 Rac8 25. Rbc1 Qf4 26. d5 Bd7 27. Qc2 Bc3 28.
Rd3 Bg7 29. Rcd1 Qd6 30. Qe2 f5 31. Rc1 f4 32. Nd1 Bf5 33. Rd2 a4 34. Nh4 Bd7
35. Kh1 Re8 36. Qf1 b3 37. axb3 axb3 38. Re2 Rxe2 39. Qxe2 Re8 40. Qd2 Qa3 41.
Nf3 b2 42. Nxb2 Qxb2 43. Rc2 Qa3 44. Qxf4 Bf5 45. Rc1 Re2 46. Ng1 Rxf2 47. Qxf2
Qxc1 48. Qe2 Bd4 49. Qe8+ Kh7 50. Qe7+ Kh8 51. Qf8+ Kh7 52. Qe7+ Bg7 53. d6 Qg5
54. Qxg5 hxg5 55. c5 Bd7 56. Nf3 Bf6 57. h3 Kg7 58. Kh2 Kf7 59. g4 Ke6 60. h4
gxh4 61. g5 Be5+ 62. Kh3 Bg3 63. Nxh4 Bxh4 64. Kxh4 Kd5 65. Kg3 Kxc5 66. Kf4
Kxd6 67. Ke4 Ke6 68. Kf4 Kd5 69. Ke3 Ke5 70. Kf2 Kf4 {White resigns} 0-1

[Event "Team 45 45 League T63"]
[Site "Internet Chess Club"]
[Date "2014.12.07"]
[Round "2"]
[White "ausya"]
[Black "spand42"]
[Result "0-1"]
[WhiteElo "1722"]
[BlackElo "1894"]
[Opening "Ruy Lopez: Marshall counter-attack"]
[ECO "C89"]
[Time "14:03:29"]
[TimeControl "2700+45"]

1. e4 e5 2. Nf3 Nc6 3. Bb5 a6 4. Ba4 Nf6 5. O-O Be7 6. Re1 b5 7. Bb3 O-O 8. c3
d5 9. exd5 Nxd5 10. a4 Bb7 11. d4 exd4 12. cxd4 Bf6 13. Nc3 Ndb4 14. Be3 bxa4
15. Nxa4 Na5 16. Ne5 Bxe5 17. dxe5 Qxd1 18. Bxd1 Nd3 19. Re2 Nc4 20. Nc5 Nxe3
21. Nxb7 Nxd1 22. Rxd1 Rab8 23. Rxd3 Rxb7 24. Ra3 Rb6 25. Rc2 Rd8 26. f4 Rd7 27.
Rac3 Kf8 28. Kf2 Rd4 29. Ke3 Rdb4 30. Rxc7 Rxb2 31. Rc8+ Ke7 32. R2c7+ Ke6 33.
Re8+ Kd5 34. Rd8+ Ke6 35. Re8+ Kd5 36. Rd7+ Kc5 37. Rc8+ Rc6 38. Rxc6+ Kxc6 39.
Rxf7 Rxg2 40. Ke4 a5 41. Kf5 g6+ 42. Kf6 Rf2 43. Ke7 a4 44. Ke6 a3 45. Ra7 a2
46. Ke7 Rxh2 47. e6 Re2 48. Kf7 Rf2 49. e7 Rxf4+ 50. Ke6 Re4+ 51. Kf6 Kd6 52.
Ra6+ Kd7 53. Rxa2 Re6+ 54. Kg5 Rxe7 55. Ra7+ Ke6 56. Ra6+ Kf7 57. Kh6 Re1 58.
Ra7+ Kf6 59. Ra6+ Re6 60. Ra8 Re7 61. Rf8+ Rf7 62. Ra8 Re7 63. Rf8+ Ke6 64. Kg5
Rd7 65. Re8+ Kf7 66. Re5 Kg7 67. Ra5 h6+ 68. Kf4 Rd4+ 69. Ke5 Rd7 70. Kf4 Re7
71. Rb5 Kf6 72. Rb6+ Re6 73. Rb8 g5+ 74. Kg4 Re4+ 75. Kf3 Ra4 76. Rf8+ Kg6 77.
Rg8+ Kh5 78. Rh8 Ra3+ 79. Kg2 g4 80. Kh2 Kg5 81. Rg8+ Kh4 82. Rh8 h5 83. Kg2
Ra2+ 84. Kf1 g3 85. Rh7 Kg4 86. Rg7+ Kh3 87. Rg5 h4 88. Rg6 Ra1+ 89. Ke2 Kh2 90.
Kf3 Rf1+ 91. Ke2 Rf8 92. Rg4 h3 93. Rg5 g2 {White resigns} 0-1

[Event "Team 45 45 League T63"]
[Site "Internet Chess Club"]
[Date "2014.12.04"]
[Round "2"]
[White "JasonModer"]
[Black "clarinetref"]
[Result "1-0"]
[WhiteElo "1772"]
[BlackElo "1608"]
[Opening "QGA: 3.Nf3"]
[ECO "D21"]
[Time "19:31:35"]
[TimeControl "2700+45"]

1. d4 d5 2. c4 dxc4 3. Nf3 e6 4. e4 Nf6 5. Bg5 Be7 6. Nc3 a6 7. Bxc4 O-O 8. O-O
b5 9. Bd3 Bb7 10. Qe2 Nbd7 11. Rfd1 h6 12. Bh4 Nh5 13. Bxe7 Qxe7 14. Qe3 Nhf6
15. e5 Nd5 16. Qe4 f5 17. exf6 N7xf6 18. Qh4 Nb4 19. Ne5 Nfd5 20. Qg4 Nxd3 21.
Rxd3 Rf4 22. Nxd5 Rxg4 23. Nxe7+ Kf8 24. Nxg4 Kxe7 25. Re1 Bd5 26. Rde3 Rf8 27.
g3 h5 28. Ne5 Rf5 29. b3 g5 30. f4 gxf4 31. Ng6+ Kd6 32. Nxf4 h4 33. Nxd5 {Black
resigns} 1-0

[Event "Team 45 45 League T63"]
[Site "Internet Chess Club"]
[Date "2014.12.05"]
[Round "2"]
[White "bmw2002"]
[Black "unclevinny"]
[Result "0-1"]
[WhiteElo "1499"]
[BlackElo "1645"]
[Opening "English, 1...Nf6 (Anglo-Indian defense)"]
[ECO "A15"]
[Time "22:18:59"]
[TimeControl "2700+45"]

1. c4 Nf6 2. g3 g6 3. Bg2 Bg7 4. Nf3 O-O 5. O-O d6 6. Nc3 e5 7. e4 c6 8. d3 Qc7
9. Be3 Be6 10. Ng5 Nbd7 11. Nxe6 fxe6 12. Rc1 c5 13. a3 a6 14. b4 Rab8 15. Bh3
Rfe8 16. Na4 b5 17. cxb5 axb5 18. Nb2 Rbc8 19. Qb3 Nf8 20. f4 exf4 21. gxf4 N6d7
22. f5 Bxb2 23. Qxb2 exf5 24. Bh6 Ne5 25. bxc5 dxc5 26. Qxb5 Nfd7 27. exf5 Qc6
28. Qxc6 Rxc6 29. Bg2 Rb6 30. Be4 gxf5 31. Rxf5 Rxh6 32. Kh1 Rf6 33. Rg1+ Ng6
34. Rd5 Re7 35. h4 Kf8 36. h5 Nf4 37. Rdg5 Ke8 38. Bf5 Ne6 39. Rg8+ Rf8 40. Bxe6
Rxe6 41. R8g7 Re7 42. R7g5 Re3 43. Rd5 Rff3 44. Rg7 Re7 45. Rg8+ Kf7 46. Rgg5
Rfe3 47. a4 R3e5 48. a5 Rxg5 49. Rxg5 Re3 50. a6 Rxd3 51. Rxc5 Nxc5 52. a7 Ra3
{White resigns} 0-1

[Event "Team 45 45 League T63"]
[Site "Internet Chess Club"]
[Date "2014.12.08"]
[Round "2"]
[White "stanbeers"]
[Black "Mitochondria"]
[Result "0-1"]
[WhiteElo "1459"]
[BlackElo "1499"]
[Opening "King's Indian: 3.g3"]
[ECO "E60"]
[Time "20:05:21"]
[TimeControl "2700+45"]

1. d4 Nf6 2. c4 g6 3. g3 Bg7 4. Bg2 c6 5. Nc3 O-O 6. Nf3 d5 7. cxd5 Nxd5 8. O-O
Re8 9. e4 Nc7 10. Bf4 Nd7 11. Qc1 Nf8 12. e5 Bg4 13. Rd1 Nd5 14. Bh6 Ne6 15.
Bxg7 Kxg7 16. Nxd5 cxd5 17. Rd3 Rc8 18. Rc3 Bxf3 19. Rxc8 Qxc8 20. Qxc8 Rxc8 21.
Bxf3 Nxd4 22. Bxd5 b6 23. f4 Rc5 24. Be4 g5 25. b4 Rc4 26. Bd3 Rxb4 27. fxg5
Nf3+ 28. Kf2 Nxe5 29. Ba6 Rb2+ 30. Ke3 Rxh2 31. Kf4 Nd7 32. a4 Nc5 33. Bc8 e6
34. g4 Rd2 35. a5 Nb3 36. Ra3 Nxa5 37. Rc3 Rd4+ 38. Ke3 Rxg4 39. Rc7 Rxg5 40.
Bxe6 Kf6 41. Rxf7+ Kxe6 42. Rxh7 Nc6 43. Rh6+ Kd5 44. Kf4 Rg8 45. Ke3 Rb8 46.
Kd3 Nb4+ 47. Kc3 a5 48. Rh5+ Kc6 49. Kb3 Kb7 50. Ka4 Ka6 51. Rb5 Rc8 52. Rh5 Rc5
53. Rh4 b5+ 54. Kb3 Nc6 55. Rh6 a4+ 56. Kb2 Ka5 57. Rh8 Kb4 58. Rh4+ Rc4 59. Rh8
a3+ 60. Kb1 Kb3 61. Rh3+ Rc3 62. Rh2 b4 63. Rb2+ Ka4 64. Rxb4+ Kxb4 65. Ka2 Nd4
66. Kb1 Rh3 67. Ka2 Rh2+ 68. Ka1 Kb3 69. Kb1 Rh1# {White checkmated} 0-1

[Event "Team 45 45 League T63"]
[Site "Internet Chess Club"]
[Date "2014.12.07"]
[Round "2"]
[White "Zyme"]
[Black "Visin"]
[Result "1-0"]
[WhiteElo "1346"]
[BlackElo "1250"]
[Opening "QGD: 4.Nf3"]
[ECO "D37"]
[Time "09:00:18"]
[TimeControl "2700+45"]

1. d4 d5 2. c4 e6 3. Nc3 Nf6 4. Nf3 Nc6 5. Bg5 dxc4 6. e3 Be7 7. Bxc4 O-O 8. O-O
Bd7 9. Rc1 h6 10. Bh4 Nh7 11. Bxe7 Qxe7 12. Re1 Ng5 13. a3 a6 14. Ba2 Rad8 15.
Bb1 Qf6 16. Nxg5 Qxg5 17. Qc2 g6 18. Ne4 Qe7 19. Nc5 Bc8 20. Nxa6 Rd7 21. Nc5
Rd6 22. Ne4 Rd5 23. Ba2 Rdd8 24. b4 Na7 25. Qxc7 Qxc7 26. Rxc7 Nb5 27. Rc5 Nxa3
28. Rec1 Bd7 29. R1c3 Nb5 30. Rc1 Kg7 31. Bc4 Na7 32. Bd3 Bc6 33. Nd2 f6 34. Nb3
e5 35. Ra1 Nc8 36. Bc4 Nd6 37. dxe5 Nxc4 38. exf6+ Rxf6 39. Rxc4 Rfd6 40. Nd4
Bb5 41. Rc7+ Kf6 42. Rxb7 Be8 43. Kf1 R8d7 44. Rxd7 Bxd7 45. Ke1 Rb6 46. Rb1 Kg5
47. Kd2 Kg4 48. Kc3 Bc8 49. Kc4 Bb7 50. f3+ Kg5 51. Ra1 Ra6 52. Rxa6 {Black
resigns} 1-0

[Event "Team 45 45 League T63"]
[Site "Internet Chess Club"]
[Date "2014.12.04"]
[Round "2"]
[White "varavind"]
[Black "chuckh2"]
[Result "0-1"]
[WhiteElo "1252"]
[BlackElo "1428"]
[Opening "French: Rubinstein variation"]
[ECO "C03"]
[Time "20:00:15"]
[TimeControl "2700+45"]

1. e4 e6 2. d4 d5 3. Nd2 dxe4 4. Nxe4 Nd7 5. Nf3 Ngf6 6. Bd3 Be7 7. O-O O-O 8.
Bg5 Nd5 9. Qd2 f6 10. Be3 Nxe3 11. Qxe3 Re8 12. Rfe1 Nb6 13. c4 c6 14. Nc5 Bxc5
15. dxc5 Nd7 16. Rad1 Qa5 17. Qe4 g6 18. Qg4 f5 19. Bxf5 Nf8 20. Nh4 exf5 21.
Rxe8 fxg4 22. Rdd8 Kg7 23. Re7+ Kf6 24. Ree8 Ne6 25. Rd1 Qxc5 26. b3 b5 27. cxb5
cxb5 28. Re1 g5 29. Rh8 gxh4 30. Rxh7 Qc6 31. Rxh4 Bb7 32. Rxe6+ Qxe6 33. Rh6+
Ke5 34. f4+ Kf5 35. Rxe6 Kxe6 36. Kf2 Rd8 37. Kg3 Kf5 38. h3 gxh3 39. gxh3 Rg8+
40. Kh4 Kxf4 41. Kh5 Be4 42. h4 Rg4 43. a3 a5 44. b4 a4 {White resigns} 0-1

[Event "Team 45 45 League T63"]
[Site "Internet Chess Club"]
[Date "2014.12.04"]
[Round "2"]
[White "mongmong"]
[Black "vjbaker"]
[Result "0-1"]
[WhiteElo "1598"]
[BlackElo "1762"]
[Opening "Bogo-Indian defense, Nimzovich variation"]
[ECO "E11"]
[Time "19:01:02"]
[TimeControl "2700+45"]

1. d4 Nf6 2. Nf3 e6 3. c4 Bb4+ 4. Bd2 Qe7 5. g3 b6 6. Bg2 Bb7 7. O-O O-O 8. Bf4
d6 9. a3 e5 10. dxe5 dxe5 11. Bxe5 Rd8 12. Qb3 Bc5 13. Bxf6 Qxf6 14. Nfd2 Bxg2
15. Kxg2 Qe6 16. e3 Nc6 17. Qc2 Ne5 18. b3 f5 19. Nc3 Ng4 20. Nd5 Rd7 21. b4 Bf8
22. Nf3 c5 23. b5 Rad8 24. Rad1 h6 25. h3 Ne5 26. Nxe5 Qxe5 27. Nf4 Rxd1 28.
Rxd1 Rxd1 29. Qxd1 Qe4+ 30. Kg1 Qxc4 31. Qd7 Qf7 32. Qc6 Be7 33. a4 c4 34. Ne6
c3 35. Nd4 Bc5 36. Nc2 Kh7 37. Qf3 g6 38. g4 Qb3 39. Qb7+ Kg8 40. Qc8+ Kf7 41.
Qd7+ Be7 42. Qd3 fxg4 43. hxg4 Qxa4 44. f3 Qb3 45. f4 Qb1+ 46. Kf2 Bh4+ 47. Kf3
Qh1+ 48. Ke2 Qg2+ 49. Kd1 Qg1+ 50. Ke2 Qxg4+ 51. Kf1 Qf3+ 52. Kg1 Bf2+ 53. Kf1
Bg3+ {White resigns} 0-1

[Event "Team 45 45 League T63"]
[Site "Internet Chess Club"]
[Date "2014.12.06"]
[Round "2"]
[White "Chaitanyaann"]
[Black "julesraider"]
[Result "1-0"]
[WhiteElo "1426"]
[BlackElo "1542"]
[Opening "Caro-Kann: two knights variation"]
[ECO "B10"]
[Time "19:01:22"]
[TimeControl "2700+45"]

1. e4 c6 2. Nf3 d5 3. Nc3 dxe4 4. Nxe4 Bf5 5. Bd3 Nd7 6. O-O Bxe4 7. Bxe4 Ngf6
8. d3 Qc7 9. h3 e6 10. a3 Be7 11. b4 O-O 12. Bb2 Rad8 13. Qe2 Nb6 14. Rac1 Na4
15. Be5 Qb6 16. Ng5 h6 17. Bxf6 Bxf6 18. Nh7 Bb2 19. Nxf8 Bxc1 20. Nxe6 Nc3 21.
Qg4 fxe6 22. Rxc1 Nxe4 23. Qxe6+ Kh8 24. Qxe4 Rf8 25. Qe3 Qa6 26. d4 Qc4 27. c3
Qa2 28. c4 Qb2 29. d5 Qf6 30. Rd1 cxd5 31. cxd5 a6 32. d6 Rd8 33. d7 Qc6 34. Qe7
Qc7 35. Qe8+ Kh7 36. Qe4+ Kh8 37. Qe6 Kh7 38. Qd6 Qc2 39. Qd3+ Qxd3 40. Rxd3 Kg6
41. f4 Kf5 42. g3 Ke6 43. Kf2 b5 44. Ke3 g6 45. Ke4 Kf6 46. Rd6+ Kf7 47. Ke5 h5
48. g4 h4 49. f5 g5 50. f6 Kf8 51. Ke6 a5 52. bxa5 b4 53. axb4 Re8+ 54. dxe8=Q+
Kxe8 55. Rd7 Kf8 56. a6 Ke8 57. a7 {Black resigns} 1-0

[Event "Team 45 45 League T63"]
[Site "Internet Chess Club"]
[Date "2014.12.06"]
[Round "2"]
[White "mkoga"]
[Black "Elton2013"]
[Result "0-1"]
[WhiteElo "1414"]
[BlackElo "1540"]
[Opening "Ruy Lopez: Classical defense deferred"]
[ECO "C70"]
[Time "18:10:49"]
[TimeControl "2700+45"]

1. e4 e5 2. Nf3 Nc6 3. Bb5 a6 4. Ba4 Bc5 5. Bxc6 dxc6 6. Nxe5 Qd4 7. Nd3 Qxe4+
8. Kf1 Bh3 9. Rg1 Bxg2+ 10. Rxg2 Be7 11. Nc3 Qd4 12. Rg4 Qd6 13. Qf3 Nf6 14. Ne4
Qxh2 15. Nxf6+ Bxf6 16. Re4+ Be7 17. Nc5 b6 18. Qe3 Qh1+ 19. Ke2 Qh5+ 20. f3
Qxc5 21. d4 Qd6 22. Qg5 Kf8 23. Qg2 Bf6 24. Bf4 Qd7 25. Rd1 Re8 26. c3 Rxe4+ 27.
fxe4 h5 28. e5 Bh4 29. Rf1 Qd5 30. Qxd5 cxd5 31. e6 Bd8 32. Bxc7 Bxc7 33. Rxf7+
Ke8 34. Rxc7 Rh7 35. Kf3 h4 36. Kg2 Rh6 37. Rc6 Ke7 38. Rxb6 Rxe6 39. Rxe6+ Kxe6
40. Kh3 g5 41. Kg4 Kd6 42. a4 Kc6 43. b4 Kb7 44. Kh3 Kc6 45. Kg4 Kc7 46. Kh3 Kd6
47. Kg4 Ke6 48. Kh3 Kf5 49. Kg2 Kf4 50. b5 axb5 51. axb5 g4 52. b6 h3+ 53. Kh2
Kf3 54. b7 g3+ 55. Kxh3 g2 56. b8=Q g1=Q 57. Qf8+ Ke2 58. Qe8+ Qe3+ 59. Qxe3+
Kxe3 60. Kg3 Kd3 61. Kf3 Kxc3 62. Ke3 Kc4 63. Kd2 Kxd4 64. Kd1 Kd3 65. Ke1 Kc2
66. Ke2 d4 67. Ke1 d3 {White resigns} 0-1

[Event "Team 45 45 League T63"]
[Site "Internet Chess Club"]
[Date "2014.12.07"]
[Round "2"]
[White "mindstorm"]
[Black "Fogbound"]
[Result "1-0"]
[WhiteElo "1484"]
[BlackElo "1241"]
[Opening "Caro-Kann: classical variation"]
[ECO "B18"]
[Time "14:01:56"]
[TimeControl "2700+45"]

1. e4 c6 2. d4 d5 3. Nc3 dxe4 4. Nxe4 Bf5 5. Ng5 Bg6 6. Bc4 e6 7. Bf4 Be7 8.
N5f3 Nf6 9. Ne2 Nbd7 10. Nc3 O-O 11. Qd2 Bb4 12. O-O-O Ne4 13. Qe3 Nxc3 14. bxc3
Ba3+ 15. Kd2 Nf6 16. Ne5 Ne4+ 17. Ke2 Nd6 18. Bd3 Nf5 19. Bxf5 Bxf5 20. Rd2 Qd5
21. g4 Qxh1 22. gxf5 exf5 23. Rd1 Qd5 24. c4 Qa5 25. Rg1 Qa4 26. Bh6 Qxc2+ 27.
Kf3 g6 28. Bxf8 Bxf8 29. h4 Re8 30. Qf4 Bh6 31. Qxh6 Qe4+ 32. Kg3 Qxd4 33. Nf3
Re4 34. Ng5 Rg4+ 35. Kh3 Qc3+ 36. Rg3 Rxg3+ 37. fxg3 Qg7 38. Qxg7+ Kxg7 39. g4
h6 40. Nf3 f4 41. Kg2 Kf6 42. Nd4 Ke5 43. Nb3 b6 44. c5 Kd5 45. cxb6 axb6 46.
Kf3 g5 47. hxg5 hxg5 48. Nd2 c5 49. Ne4 f6 50. Nxf6+ Ke6 51. Ne4 c4 52. Nxg5+
Kf6 53. Ne4+ Kg6 54. Kxf4 b5 55. a3 Kh6 56. Ke5 Kg6 57. Kd5 c3 58. Nxc3 Kg5 59.
Nxb5 Kxg4 60. a4 Kf5 61. a5 Kf6 62. a6 Ke7 63. a7 Kd8 64. a8=Q+ Kd7 65. Qc6+ Ke7
66. Qg6 Kd7 67. Qf7+ Kc8 68. Qc7# {Black checkmated} 1-0

[Event "Team 45 45 League T63"]
[Site "Internet Chess Club"]
[Date "2014.12.09"]
[Round "2"]
[White "divy7"]
[Black "alexine"]
[Result "1-0"]
[WhiteElo "1575"]
[BlackElo "1504"]
[Opening "Vienna game"]
[ECO "C26"]
[Time "15:09:24"]
[TimeControl "2700+45"]

1. e4 e5 2. Nc3 Nf6 3. Bc4 Bb4 4. Nge2 Nxe4 5. Nxe4 d5 6. c3 Be7 7. Qa4+ Bd7 8.
Bb5 Bxb5 9. Qxb5+ Nd7 10. Qxd5 c6 11. Nd6+ Bxd6 12. Qxd6 Qg5 13. O-O Rd8 14. Qc7
f5 15. d4 Qf6 16. Qxb7 f4 17. dxe5 Qxe5 18. Nd4 {Black resigns} 1-0

[Event "Team 45 45 League T63"]
[Site "Internet Chess Club"]
[Date "2014.12.07"]
[Round "2"]
[White "g8wrb"]
[Black "bluesun"]
[Result "1/2-1/2"]
[WhiteElo "1349"]
[BlackElo "1482"]
[Opening "Ruy Lopez: Wormald (Alapin) attack"]
[ECO "C77"]
[Time "09:03:37"]
[TimeControl "2700+45"]

1. e4 e5 2. Nf3 Nc6 3. Bb5 a6 4. Ba4 Nf6 5. Qe2 Bc5 6. O-O O-O 7. Rd1 d6 8. h3
h6 9. c3 d5 10. Bxc6 bxc6 11. Nxe5 Qd6 12. d4 Bb6 13. exd5 cxd5 14. Bf4 Qe6 15.
Nd2 Nd7 16. Qg4 Nxe5 17. Qxe6 Bxe6 18. Bxe5 f6 19. Bg3 Rac8 20. Re1 Rfe8 21. Nb3
c5 22. dxc5 Bxc5 23. Nxc5 Rxc5 24. Rad1 Kf7 25. Re2 g5 26. Rde1 a5 27. Bd6 Rc6
28. Ba3 a4 29. Rd2 Rc4 30. Rd4 Rxd4 31. cxd4 Rc8 32. Bc5 Rb8 33. Re2 Rb5 34. Kf1
f5 35. Ke1 f4 36. f3 Kf6 37. Kd2 Rxb2+ 38. Ke1 Rxe2+ 39. Kxe2 Bd7 40. a3 Ke6 41.
Kf2 Bc8 42. g4 Kd7 43. Bf8 Ke6 44. Bxh6 Kf6 45. Bf8 Ba6 46. Bd6 Bc4 47. Bc7 Ke7
48. Kg2 Be2 49. Ba5 Bd1 50. Be1 Kf6 51. h4 Be2 52. hxg5+ Kxg5 53. Bd2 Bd1 54.
Kf2 Bb3 55. Ba5 Bd1 56. Bd8+ Kg6 57. Bh4 Bb3 58. Bd8 Bd1 59. g5 Kf5 60. Be7 Kg6
61. Bd8 Kf5 62. Kg2 Kg6 63. Be7 Kf5 64. Bd8 Kg6 65. Kh3 Bxf3 66. Kh4 Be4 67. Kg4
f3 68. Kg3 Kf5 69. Bf6 Kg6 70. Kf2 Kf5 71. Bd8 Kf4 72. Bf6 Bf5 73. Be5+ Ke4 74.
Bf6 Bg6 75. Be5 Bh5 76. Bg7 Kd3 77. Bf6 Ke4 78. Be5 Kd3 79. g6 Bxg6 80. Kxf3 Kc3
81. Kf4 Be4 82. Kg5 Kb3 83. Bd6 Kc4 84. Bc5 {Game drawn by mutual agreement}
1/2-1/2

[Event "Team 45 45 League T63"]
[Site "Internet Chess Club"]
[Date "2014.12.04"]
[Round "2"]
[White "Bizzy-Ketty"]
[Black "nosir"]
[Result "1-0"]
[WhiteElo "1590"]
[BlackElo "1460"]
[Opening "Sicilian: Alapin's variation (2.c3)"]
[ECO "B22"]
[Time "19:30:34"]
[TimeControl "2700+45"]

1. e4 c5 2. c3 e6 3. d4 cxd4 4. cxd4 a6 5. Nc3 Bb4 6. Nf3 Nc6 7. Bf4 Nf6 8. Bd3
b5 9. O-O O-O 10. Qe2 Ba5 11. a3 Bb6 12. Be3 Qc7 13. Rac1 Qa7 14. d5 Nd4 15.
Nxd4 Bxd4 16. Qf3 Bxe3 17. fxe3 exd5 18. exd5 Bb7 19. Kh1 Rac8 20. e4 d6 21. Qg3
Qb6 22. Rxf6 Rcd8 23. Rcf1 b4 24. Ne2 a5 25. a4 Rd7 26. R6f4 Ba6 27. Bxa6 Qxa6
28. Qf3 f6 29. Nd4 h6 30. Rc1 Rc8 31. Nc6 Rdc7 32. h3 Rxc6 33. dxc6 Rxc6 34.
Qb3+ Kh7 35. Rff1 Rc8 36. Rxc8 Qxf1+ 37. Kh2 Qf4+ 38. Kg1 Qxe4 39. Qg8+ Kg6 40.
Qe8+ Kf5 41. Qxe4+ Kxe4 42. Kf1 d5 43. Ke2 Kf4 44. Kf2 Ke4 45. Ke2 Kd4 46. b3 g5
47. Kd2 h5 48. Ra8 g4 49. hxg4 hxg4 50. Rxa5 f5 51. Ra6 f4 52. Rf6 {Black
resigns} 1-0

[Event "Team 45 45 League T63"]
[Site "Internet Chess Club"]
[Date "2014.12.07"]
[Round "2"]
[White "SeniorCitizen"]
[Black "MasterD"]
[Result "0-1"]
[WhiteElo "1385"]
[BlackElo "1495"]
[Opening "French: advance, Wade variation"]
[ECO "C02"]
[Time "14:00:31"]
[TimeControl "2700+45"]

1. e4 e6 2. d4 d5 3. e5 c5 4. Nf3 Qb6 5. c3 Bd7 6. Qb3 Qxb3 7. axb3 Nc6 8. Bb5
cxd4 9. cxd4 a6 10. Bd2 Nxe5 11. Bxd7+ Nxd7 12. O-O Bd6 13. Bc3 Ngf6 14. Nbd2
O-O 15. Ne5 Rfd8 16. Ndf3 Ne4 17. Rfc1 Nxe5 18. dxe5 Be7 19. Bd4 Rac8 20. g3 Bc5
21. Rc2 Ng5 22. Bxc5 Nxf3+ 23. Kg2 Nxe5 24. Rac1 Nd3 {White resigns} 0-1

[Event "Team 45 45 League T63"]
[Site "Internet Chess Club"]
[Date "2014.12.07"]
[Round "2"]
[White "sockbuf"]
[Black "xt"]
[Result "1/2-1/2"]
[WhiteElo "1709"]
[BlackElo "1572"]
[Opening "Sicilian defense"]
[ECO "B30"]
[Time "17:10:37"]
[TimeControl "2700+45"]

1. e4 c5 2. Nf3 Nc6 3. c3 e6 4. d4 cxd4 5. cxd4 Nf6 6. e5 Bb4+ 7. Bd2 Nd5 8.
Bxb4 Ncxb4 9. Nc3 Qa5 10. Nxd5 Nxd5+ 11. Qd2 Qxd2+ 12. Nxd2 Nb4 13. Rc1 Nxa2 14.
Rc4 a5 15. Ne4 Ke7 16. Be2 Nb4 17. Kd2 b6 18. Nd6 Ba6 19. Rcc1 Nc6 20. Bxa6 Rxa6
21. Ke3 Rb8 22. Nb5 Rc8 23. Rc3 Raa8 24. Rhc1 Rcb8 25. Nc7 Ra7 26. Nb5 Rab7 27.
Nd6 Rc7 28. Nb5 Rcc8 29. Nd6 Rf8 30. f4 Nb4 31. Rc4 Nd5+ 32. Ke4 f5+ 33. Kf3 Rg8
34. h4 g6 35. g3 h6 36. Nc8+ Kd8 37. Nd6 Ke7 38. Nc8+ Ke8 39. Nd6+ Ke7 40. Nc8+
{Game drawn by repetition} 1/2-1/2

[Event "Team 45 45 League T63"]
[Site "Internet Chess Club"]
[Date "2014.12.08"]
[Round "2"]
[White "SugarIslander"]
[Black "pauliewoll"]
[Result "1/2-1/2"]
[WhiteElo "1634"]
[BlackElo "1670"]
[Opening "QGD: Lasker defense, Teichmann variation"]
[ECO "D56"]
[Time "16:01:07"]
[TimeControl "2700+45"]

1. d4 Nf6 2. c4 e6 3. Nc3 d5 4. Bg5 Be7 5. e3 O-O 6. Nf3 h6 7. Bh4 Ne4 8. Bxe7
Qxe7 9. Qc2 Nxc3 10. Qxc3 dxc4 11. Bxc4 b6 12. Rc1 Bb7 13. Be2 Nd7 14. O-O Rfc8
15. b4 Bd5 16. Qb2 a5 17. b5 c5 18. bxc6 Bxc6 19. Nd2 e5 20. Bf3 Bxf3 21. Nxf3
exd4 22. Nxd4 Qe5 23. Qb5 {Game drawn by mutual agreement} 1/2-1/2

[Event "Team 45 45 League T63"]
[Site "Internet Chess Club"]
[Date "2014.12.06"]
[Round "2"]
[White "bayoumicardio10"]
[Black "mongmong"]
[Result "0-1"]
[WhiteElo "1660"]
[BlackElo "1618"]
[Opening "French: King's Indian attack"]
[ECO "C00"]
[Time "19:01:13"]
[TimeControl "2700+45"]

1. e4 e6 2. d3 b5 3. Nf3 c5 4. g3 Bb7 5. Bg2 d6 6. O-O Nf6 7. Re1 Nbd7 8. a3 Be7
9. Nc3 a6 10. Bf4 e5 11. Bd2 Bc6 12. Nh4 O-O 13. f4 Ne8 14. Nf3 a5 15. f5 Nc7
16. Rf1 b4 17. axb4 axb4 18. Ne2 Rxa1 19. Qxa1 Qa8 20. g4 Qxa1 21. Rxa1 Ra8 22.
Rxa8+ Bxa8 23. g5 f6 24. gxf6 Nxf6 25. Nc1 Bc6 26. Nb3 Ba4 27. h3 Bxb3 28. cxb3
Nb5 29. Kf2 Na7 30. Ng5 Nc6 31. Be3 Na5 32. Bf3 Nxb3 33. Bd1 Na5 34. Ne6 h6 35.
Ke2 Kf7 36. Kd2 Nh7 37. Bh5+ Kg8 38. Nc7 Bd8 39. Ne6 Bg5 40. Nxg5 Nxg5 41. Bxg5
hxg5 42. Bd1 Kf7 43. Ke3 Nc6 44. Bb3+ Kf6 45. Bd5 Ne7 46. Bc4 g6 47. fxg6 Nxg6
48. Kf3 Nh4+ 49. Kg4 Ng2 50. Kg3 Nh4 51. Bd5 Ng6 52. Bc4 Nf4 53. h4 gxh4+ 54.
Kxh4 Ne2 55. Kg4 Nd4 56. Kg3 Kg5 57. Kf2 Kf4 58. Ke1 Ke3 59. Kd1 Nf3 60. Kc2 Nd2
61. Bd5 Nf3 62. Bc4 Ne1+ 63. Kb3 Nxd3 64. Bd5 Nf2 65. Kc4 Nxe4 66. Bxe4 Kxe4 67.
b3 Kf3 68. Kd5 e4 69. Kxd6 e3 70. Kxc5 e2 71. Kxb4 e1=Q+ 72. Kb5 Qe8+ 73. Ka5
Qb8 74. b4 Ke4 75. b5 Kd5 76. Ka6 Kc5 77. b6 Qxb6# {White checkmated} 0-1

[Event "Team 45 45 League T63"]
[Site "Internet Chess Club"]
[Date "2014.12.05"]
[Round "2"]
[White "craftsman49868"]
[Black "kutch"]
[Result "1-0"]
[WhiteElo "1615"]
[BlackElo "1448"]
[Opening "Queen's pawn game"]
[ECO "A45"]
[Time "21:00:40"]
[TimeControl "2700+45"]

1. d4 Nf6 2. e3 e6 3. Bd3 d5 4. Nd2 Bd6 5. f4 c5 6. c3 Nc6 7. Ngf3 O-O 8. O-O
cxd4 9. cxd4 Qb6 10. Ne5 Nxd4 11. exd4 Qxd4+ 12. Kh1 Bxe5 13. fxe5 Qxe5 14. Nf3
Qd6 15. Bg5 Ng4 16. Bh4 Ne3 17. Bxh7+ Kxh7 18. Ng5+ Kg8 19. Qh5 Re8 20. Qh7+ Kf8
21. Rxf7# {Black checkmated} 1-0

[Event "Team 45 45 League T63"]
[Site "Internet Chess Club"]
[Date "2014.12.06"]
[Round "2"]
[White "RightHandRook"]
[Black "ticopatzer"]
[Result "0-1"]
[WhiteElo "1670"]
[BlackElo "1719"]
[Opening "Trompowsky attack (Ruth, Opocenský opening)"]
[ECO "A45"]
[Time "16:00:47"]
[TimeControl "2700+45"]

1. d4 Nf6 2. Bg5 d6 3. e3 Nbd7 4. Bd3 e5 5. Nd2 Be7 6. c4 exd4 7. exd4 O-O 8.
Ngf3 c5 9. d5 Nxd5 10. cxd5 Bxg5 11. O-O Bf6 12. Nc4 Nb6 13. Rc1 Nxc4 14. Rxc4
b5 15. Rf4 a6 16. h4 Bb7 17. Bc2 g6 18. h5 Bxb2 19. Qb1 Bg7 20. hxg6 fxg6 21.
Rh4 Bxd5 22. Bxg6 hxg6 23. Qxg6 Bxf3 24. Qh7+ Kf7 25. Rf4+ Ke6 26. Qh3+ Ke5 27.
Rxf3 Kd5 28. Rd3+ Kc6 29. Rfd1 Bd4 30. Rxd4 cxd4 31. Rxd4 Qf6 32. Qc3+ Kb7 33.
Qd2 Rac8 34. Rb4 Rc1+ {White resigns} 0-1

[Event "Team 45 45 League T63"]
[Site "Internet Chess Club"]
[Date "2014.12.05"]
[Round "2"]
[White "rayonline53"]
[Black "Chesscat9"]
[Result "1-0"]
[WhiteElo "1541"]
[BlackElo "1587"]
[Opening "French: exchange variation"]
[ECO "C01"]
[Time "18:00:42"]
[TimeControl "2700+45"]

1. e4 e6 2. d4 d5 3. exd5 exd5 4. Bd3 Nc6 5. Nf3 Bg4 6. c3 Bd6 7. O-O Nge7 8.
Nbd2 Qd7 9. Re1 O-O-O 10. Nf1 f6 11. Ne3 Bh5 12. Bd2 f5 13. Be2 h6 14. Nh4 Bf7
15. Nhxf5 Nxf5 16. Nxf5 g6 17. Nxh6 Be6 18. Bg4 Bf5 19. Nxf5 gxf5 20. Bh3 Rdg8
21. Kh1 Rxg2 22. Bxg2 Qh7 23. h3 {Black resigns} 1-0

[Event "Team 45 45 League T63"]
[Site "Internet Chess Club"]
[Date "2014.12.07"]
[Round "2"]
[White "MetaGod"]
[Black "rayfincle"]
[Result "1-0"]
[WhiteElo "1624"]
[BlackElo "1500"]
[Opening "Sicilian: dragon variation"]
[ECO "B70"]
[Time "16:00:35"]
[TimeControl "2700+45"]

1. e4 c5 2. Nf3 d6 3. d4 cxd4 4. Nxd4 Nf6 5. Nc3 g6 6. Bc4 Bg7 7. O-O Nc6 8. Be3
Ne5 9. Bb3 Neg4 10. Bg5 h6 11. Bh4 g5 12. Bg3 Nh5 13. Ba4+ Bd7 14. Qxg4 Nxg3 15.
Rfd1 {Black resigns} 1-0